 Dungeon Crawl Stone Soup version 0.30-a0-840-ga523dec638 (webtiles) character file.

Game seed: 17806151182971539121

2243 jimonade the Slasher (level 9, -11/64 HPs)
             Began as a Djinni Warper on Mar 2, 2023.
             Was an Initiate of Okawaru.
             Mangled by a two-headed ogre
             ... wielding a +0 giant club
              (12 damage)
             ... on level 7 of the Dungeon.
             The game lasted 00:16:28 (6468 turns).

jimonade the Slasher (Djinni Warper)                Turns: 6468, Time: 00:16:28

Health: -11/64     AC: 12    Str: 14    XL:     9   Next: 63%
Gold:   545        EV: 10    Int: 15    God:    Okawaru [......] SH:  0 Dex: 18

rFire   + + +      SeeInvis .    a - +9 great mace "Uravum" {venom, Will- Dex+5}
rCold   x x .      Faith    .    (shield currently unavailable)
rNeg    . . .      Spirit   .    g - +0 fire dragon scales
rPois   ∞          Reflect  .    q - +0 helmet
rElec   .          Harm     .    (no cloak)
rCorr   .          Rampage  .    B - +0 pair of gloves
Will    .....                    (boots unavailable) Stlth
                                 m - amulet of regeneration
HPRegen 1.10/turn                (no ring)
MPRegen 0.00/turn                (no ring)

@: mighty, flying
A: sickness immunity, fire resistance 2, cold vulnerability 1, float, innate
caster, HP casting, extra vitality 1
a: Renounce Religion


You were on level 7 of the Dungeon.
You worshipped Okawaru.
Okawaru was noncommittal.
You visited 2 branches of the dungeon, and saw 8 of its levels.

You collected 1189 gold pieces.
You spent 644 gold pieces at shops.

Inventory:

Hand Weapons
 a - the +9 great mace "Uravum" (weapon) {venom, Will- Dex+5}
   (You bought it in a shop on level 3 of the Dungeon)

   Dex:       It affects your dexterity (+5).
   Will:      It decreases your willpower.
 b - the +9 great mace of Laceration {heavy, Dex+2}
   (You bought it in a shop on level 3 of the Dungeon)

   Dex:       It affects your dexterity (+2).
 l - a +3 whip of draining
Missiles
 d - 7 boomerangs of dispersal (quivered)
Armour
 g - +0 fire dragon scales (worn)
 q - a +0 helmet (worn)
 r - a +0 leather armour
 s - a +0 ring mail
 B - a +0 pair of gloves (worn)
Jewellery
 m - an amulet of regeneration (around neck)
 t - an amulet of reflection
Scrolls
 c - 3 scrolls of blinking
 e - 3 scrolls of teleportation {unknown}
 i - a scroll of poison {unknown}
 o - a scroll of torment {unknown}
 u - a scroll of immolation {unknown}
 x - a scroll of fear {unknown}
 y - a scroll of butterflies {unknown}
Potions
 f - 2 potions of heal wounds
 h - 3 potions of cancellation
 j - 4 potions of curing
 k - a potion of attraction {unknown}
 n - a potion of haste {unknown}
 p - 2 potions of might
 v - 2 potions of brilliance {unknown}
 w - a potion of degeneration {unknown}
 z - 2 potions of lignification {unknown}
 A - a potion of mutation {unknown}
 D - 2 potions of magic {unknown}


   Skills:
 + Level 4.8 Fighting
 - Level 5.9 Long Blades
 * Level 4.6 Maces & Flails
 + Level 0.7 Throwing
 + Level 4.9 Armour
 + Level 4.0 Dodging
 * Level 4.3 Spellcasting


You knew the following spells:

 Your Spells              Type           Power      Damage    Failure   Level
a - Blink                 Tloc           32%        N/A       24%         2
b - Lesser Beckoning      Tloc           32%        N/A       24%         2
c - Vhi's Electric Charg  Tloc/Air       32%        N/A       43%         3
d - Teleport Other        Tloc           16%        N/A       43%         3
e - Manifold Assault      Tloc           16%        N/A       83%         4
f - Magic Dart            Conj           64%        1d6       16%         1
g - Momentum Strike       Conj/Tloc      32%        3d8       24%         2
h - Call Imp              Summ           16%        N/A       24%         2
i - Summon Ice Beast      Ice/Summ       16%        N/A       83%         4
Your spell library was empty.

Dungeon Overview and Level Annotations

Branches:
Dungeon (7/15)             Temple (1/1) D:7

Altars:
Ashenzari
Cheibriados
Dithmenos
Fedhas
Hepliaklqana
Makhleb
Okawaru
Ru
Uskayaw
Wu Jian
Xom
Yredelemnul
Zin
The Shining One

Shops:
D:3 (   D:5 !

Annotations:
D:4 2 transporters, oldplebian's ghost, amateur GnCA


Innate Abilities, Weirdness & Mutations

You are immune to sickness and miasma.
You are immune to poison.
Your flesh is very heat resistant. (rF++)
You are vulnerable to cold. (rC-)
You float through the air rather than walking.
You learn spells naturally, not from books.
Your magical power is your life essence.
You have superior vitality. (+4 MHP)


Message History

You hit the scorpion.
The scorpion is poisoned.
The scorpion is moderately wounded.
The scorpion stings you. The scorpion closely misses you.
You hit the scorpion.
The scorpion looks as sick as possible!
The scorpion is heavily wounded.
You kill the scorpion!
Okawaru accepts your kill.
No target in view!
There is a stone staircase leading down here.
There is a stone staircase leading up here.
You see here a black bear corpse.
Found 2 stones.
You now have 545 gold pieces (gained 10).
A two-headed ogre comes into view. It is wielding two +0 giant clubs.
Found 5 stones.
The two-headed ogre shouts in stereo!
A gargoyle comes into view. It is wielding a +0 flail.
Found 14 stones.
You sock the two-headed ogre!
The two-headed ogre is poisoned.
The two-headed ogre is lightly wounded.
The two-headed ogre hits you with a +0 giant club.
The two-headed ogre barely misses you.
You hit the two-headed ogre.
The two-headed ogre looks as sick as possible!
The two-headed ogre is moderately wounded.
The two-headed ogre hits you with a +0 giant club! x2
You sock the two-headed ogre!
The two-headed ogre looks as sick as possible!
The two-headed ogre is heavily wounded.
The two-headed ogre hits you with a +0 giant club!
The two-headed ogre hits you with a +0 giant club.
You are too injured to fight recklessly!
You feel very mighty all of a sudden.
The two-headed ogre hits you with a +0 giant club!
* * * LOW HITPOINT WARNING * * *
The two-headed ogre hits you with a +0 giant club!
* * * LOW HITPOINT WARNING * * *
The two-headed ogre attacks as you move away!
The two-headed ogre hits you with a +0 giant club!
You die...

######## .......#
######.# ## #.#
########## .## #.#
#.@....... ..# #.#
#O#######. ..# #.#
##9## #.#
#.#######...#####.#.
#.#
#.........#.....89..
#.#
#########...##8O..#.
#.# ##.## .#.(( #.#
#... .. ( #.## ###..
..


You could see a two-headed ogre (extremely poisoned) and a gargoyle.

Vanquished Creatures
  Grinder (D:4)
  A water moccasin (D:5)
  A sky beast (D:7)
  2 ice beasts (D:6)
  A black bear (D:7)
  2 ogres
  A phantom (D:5)
  A centaur (D:5)
  3 bullfrogs (D:7)
  5 scorpions
  A howler monkey (D:4)
  A gnoll bouda (D:4)
  A hound (D:4)
  A jelly (D:5)
  An orc priest (D:7)
  7 iguanas
  4 orc wizards
  10 adders
  11 gnolls
  A shadow imp (D:6)
  A white imp (D:7)
  An ufetubus (D:4)
  3 worms
  7 dart slugs
  14 orcs
  3 bats
  10 endoplasms
  5 giant cockroaches
  6 hobgoblins
  2 quokkas (D:1)
  5 ball pythons
  10 frilled lizards
  5 goblins
  6 kobolds
  5 rats
139 creatures vanquished.

Vanquished Creatures (others)
  12 plants
12 creatures vanquished.

Grand Total: 151 creatures vanquished

Notes
Turn   | Place    | Note
-------+----------+-------------------------------------------
     0 | D:1      | jimonade the Djinni Warper began the quest for the Orb.
     0 | D:1      | jimonade set off with the following spells memorised:
                  | Blink, Lesser Beckoning, Vhi's Electric Charge, Teleport
                  | Other, Manifold Assault.
     0 | D:1      | Reached XP level 1. HP: 18/18 MP: 0/0
   209 | D:1      | Reached XP level 2. HP: 11/23 MP: 0/0
   339 | D:1      | Reached skill level 2 in Long Blades
   427 | D:1      | Reached XP level 3. HP: 29/29 MP: 0/0
   427 | D:1      | Learned a level 1 spell: Magic Dart
  1311 | D:2      | Reached XP level 4. HP: 33/34 MP: 0/0
  1542 | D:2      | Reached XP level 5. HP: 39/39 MP: 0/0
  1542 | D:2      | Learned a level 2 spell: Momentum Strike
  1814 | D:1      | Reached skill level 3 in Long Blades
  2481 | D:3      | Reached XP level 6. HP: 46/46 MP: 0/0
  2647 | D:3      | Found Hoimoukh's Antique Weapon Shoppe.
  3278 | D:4      | Found a transporter.
  3280 | D:4      | Noticed oldplebian's ghost (amateur GnCA)
  3503 | D:4      | Found a transporter.
  3617 | D:3      | Reached XP level 7. HP: 36/50 MP: 0/0
  3617 | D:3      | Learned a level 2 spell: Call Imp
  3642 | D:4      | Reached skill level 4 in Long Blades
  3750 | D:4      | Noticed Grinder
  3774 | D:4      | Paralysed by Grinder for 2 turns
  3777 | D:4      | Paralysed by Grinder for 4 turns
  3787 | D:4      | Paralysed by Grinder for 2 turns
  3803 | D:5      | Entered Level 5 of the Dungeon
  3965 | D:4      | Paralysed by Grinder for 2 turns
  3989 | D:4      | Killed Grinder
  3990 | D:4      | Reached XP level 8. HP: 54/58 MP: 0/0
  4062 | D:4      | Found an ornate altar of the Wu Jian Council.
  4074 | D:4      | Reached skill level 5 in Long Blades
  4743 | D:5      | Found Otemoeho's Distillery.
  4943 | D:5      | Found a sacrificial altar of Ru.
  5180 | D:5      | Identified a scroll of acquirement
  5180 | D:5      | Acquired 788 gold pieces
  5253 | D:3      | Bought a masterwork great mace for 322 gold pieces
  5253 | D:3      | Identified the +9 great mace "Uravum" {venom, Will- Dex+5}
                  | (You bought it in a shop on level 3 of the Dungeon)
  5257 | D:3      | Bought a twisted great mace for 322 gold pieces
  5257 | D:3      | Identified the +9 great mace of Laceration {heavy, Dex+2}
                  | (You bought it in a shop on level 3 of the Dungeon)
  5362 | D:6      | Reached skill level 1 in Maces & Flails
  5399 | D:6      | Reached XP level 9. HP: 49/63 MP: 0/0
  5399 | D:6      | Learned a level 4 spell: Summon Ice Beast
  5953 | D:7      | Found a shimmering altar of Xom.
  5954 | D:7      | Found a hazy altar of Hepliaklqana.
  5955 | D:7      | Noticed a spectral ugly thing
  6085 | D:7      | Found a staircase to the Ecumenical Temple.
  6119 | Temple   | Entered the Ecumenical Temple
  6119 | Temple   | Found a transporter.
  6119 | Temple   | Found a transporter.
  6121 | Temple   | Found a transporter.
  6121 | Temple   | Found a transporter.
  6151 | Temple   | Became a worshipper of Warmaster Okawaru
  6454 | D:7      | Noticed a two-headed ogre
  6455 | D:7      | Noticed a gargoyle
  6467 | D:7      | HP: 1/64 [two-headed ogre/+0 giant club (10)]
  6468 | D:7      | Mangled by a two-headed ogre

Illustrated notes

Levels and vault maps discovered:
D:1:      shiori_arrival_elements, layout_basic, minmay_tromino_i2
D:2:      layout_basic, nicolae_grassy_gnolls
D:3:      layout_basic, serial_shops, nicolae_shop_crystal
D:4:      layout_rooms, nzn_wu_jian_contemplation, gammafunk_ghost_arena,
          chequers_arboretum, uniq_grinder
D:5:      layout_cave_pods, nicolae_ru_the_path_less_chosen, serial_shops,
          nicolae_shop_competitors_out_of_business, minmay_lizard_king
D:6:      layout_basic
D:7:      layout_loops_ring, regret_index_temple_of_mockery,
          minmay_temple_entry_gardened_gates, dilly_guarded_unrand_devastator
Temple:   hellmonk_temple_divided_pantheon

Skill      XL: |  1  2  3  4  5  6  7  8  9 |
---------------+----------------------------+-----
Long Blades    | 2 3 4 5 |  5.9
Armour         | 2 3 4 |  4.9
Fighting       | 3 4 |  4.8
Dodging        | 3 4 |  4.0
Spellcasting   | 3 4 |  4.3
Maces & Flails | 1 4 |  4.6
Throwing       | |  0.7

Action                     |  1- 3 |  4- 6 |  7- 9 || total
---------------------------+-------+-------+-------++-------
  Melee: Falchion          |    97 |   215 |       ||   312
         Punch             |       |     2 |       ||     2
         Great sword       |       |    80 |   163 ||   243
         Great mace        |       |       |    64 ||    64
    Use: Scroll            |       |       |     6 ||     6
         Potion            |       |       |     1 ||     1
 Armour: Leather armour    |     3 |       |       ||     3
         Fire dragon scale |    51 |   150 |   187 ||   388
  Dodge: Dodged            |    58 |   148 |   129 ||   335

Table legend: (Time is in decaauts)
 A = Elapsed time spent in this place.
 B = Non-inter-level travel time spent in this place.
 C = Inter-level travel time spent in this place.
 D = Time resting spent in this place.
 E = Time spent auto-exploring this place.
 F = Levels seen in this place.
 G = Mean time per level.
                   A        B        C        D        E       F      G
               +--------+--------+--------+--------+--------+-----+--------+
         Total |   6679 |   6332 |    347 |    537 |   3984 |   8 |  834.9 |
       Dungeon |   6628 |   6298 |    330 |    537 |   3979 |   7 |  946.9 |
        Temple |     50 |     33 |     17 |      0 |      5 |   1 |   50.0 |
               +--------+--------+--------+--------+--------+-----+--------+

Top non-repeatable levels by time:
     D:1: 1314 daAuts
     D:5: 1303 daAuts
     D:2: 1100 daAuts
     D:3: 968 daAuts
     D:4: 822 daAuts
     D:7: 575 daAuts
     D:6: 544 daAuts
  Temple: 50 daAuts
